AoeStats
← Kez

Black Forest

506609861Analyzed
1v1 RM · 18d ago on Sep 14, 2026· 46m 46s· 2 players
Game mode
Random Map
Map size
Tiny (2 player)
Population
200
Speed
Normal
Resources
Standard
Victory
Conquest
Starting age
Dark Age
Ending age
Imperial Age
RankedLock teamsTeams togetherTeam positionsShared explorationLock speedFull tech treeHidden civsTurbo modeCheats
Victory
Defeat
🇳🇱 Maya · Netherlands
1251
+19
🇦🇺 Franks · Australia
1312
-19
Kez
0:59 Loom
11:19 Feudal Age
12:00 Man-at-Arms
18:56 Arson
25:33 Castle Age
24:37 Double-Bit Axe
25:14 Fletching
25:26 Scale Mail Armor
26:01 Padded Archer Armor
25:41 Crossbowman
29:09 Gold Mining
32:42 Bodkin Arrow
38:31 Ballistics
46:22 Imperial Age
Dren
4:46 Loom
13:36 Feudal Age
15:54 Double-Bit Axe
26:27 Castle Age
25:52 Fletching
26:16 Gold Mining
26:46 Elite Skirmisher
28:00 Padded Archer Armor
42:20 Scale Barding Armor
45:31 Chain Barding Armor
47:00 Wheelbarrow
47:09 Forging
Connection lost

Rejoining the realm…

Still unreachable

The connection could not be restored.

Session expired

The server has moved on; the page needs a fresh start.